 Dungeon Crawl Stone Soup version 0.19.0 (webtiles) character file.

306 RantMan the Cudgeler (level 6, -6/40 HPs)
             Began as a Gargoyle Monk on Nov 12, 2016.
             Was an Initiate of Gozag.
             Mangled by moogleknight's ghost (14 damage)
             ... on level 3 of the Dungeon.
             The game lasted 00:03:24 (2135 turns).

RantMan the Cudgeler (Gargoyle Monk)                Turns: 2135, Time: 00:03:25

Health: -6/40      AC:  2    Str: 19    XL:     6   Next: 39%
Magic:  6/6        EV: 13    Int: 11    God:    Gozag
Gold:   207        SH:  0    Dex: 14    Spells: 0 memorised, 5 levels left

rFire  . . .     SeeInvis .     g - +1 whip (elec)
rCold  . . .     Gourm    .     b - +0 robe
rNeg   + . .     Faith    .     (no shield)
rPois  ∞         Spirit   .     x - +2 hat
rElec  +         Reflect  .     (no cloak)
rCorr  .         Harm     .     (no gloves)
MR     .....                    (no boots)
Stlth  ++........               (no amulet)
                                (no ring)
                                q - -6 ring of protection (curse)

@: mighty, flying
A: negative energy resistance 1, electricity resistance, unbreathing,
petrification resistance, rot immunity, hated by all, AC +4
a: Potion Petition, Call Merchant, Renounce Religion


You were on level 3 of the Dungeon.
You worshipped Gozag.
Gozag was aware of your devotion.
You were not hungry.

You visited 1 branch of the dungeon, and saw 3 of its levels.

You collected 230 gold pieces.
You paid 23 gold pieces to Gozag.

Inventory:

Hand Weapons
 a - a +0 mace
 g - a +1 whip of electrocution (weapon)
Armour
 b - a +0 robe (worn)
 x - a +2 hat (worn)
Jewellery
 q - a cursed -6 ring of protection (left hand)
Wands
 d - a wand of teleportation (3/9)
Scrolls
 e - a scroll of identify
 n - a scroll of teleportation
Potions
 f - a potion of curing
 h - a potion of might
 i - a potion of brilliance
 l - a potion of flight
 m - 2 potions of agility
 r - a potion of degeneration
 s - a potion of haste
 w - a potion of cure mutation
Comestibles
 c - 2 bread rations
 p - a meat ration


   Skills:
 + Level 5.0 Fighting
 * Level 6.0 Maces & Flails
 - Level 2.4 Dodging
 - Level 2.1 Stealth


You had 5 spell levels left.
You didn't know any spells.

Dungeon Overview and Level Annotations

Branches:
Dungeon (3/15)

Altars:
Gozag
Hepliaklqana
Ru
Yredelemnul

Annotations:
D:3 moogleknight's ghost, amateur KoHu


Innate Abilities, Weirdness & Mutations

You are resistant to torment.
Your stone body is resilient. (AC +4)
You are immune to poison.
You resist negative energy. (rN+)
You are resistant to electric shocks. (rElec)
You can survive without breathing.
You are immune to petrification.
You are immune to rotting.
You are hated by all.


Message History

* * * LOW HITPOINT WARNING * * *
Unknown command.
You are too injured to fight recklessly!
You are too injured to fight recklessly!
Unknown command.
You completely miss moogleknight's ghost.
Moogleknight's ghost is severely damaged.
Moogleknight's ghost barely misses you.
You barely miss moogleknight's ghost.
Moogleknight's ghost is severely damaged.
Moogleknight's ghost hits you.
* * * LOW HITPOINT WARNING * * *
You miss moogleknight's ghost.
Moogleknight's ghost is severely damaged.
Unknown command.
You barely miss moogleknight's ghost.
Moogleknight's ghost is severely damaged.
Moogleknight's ghost hits you!
You die...
Your body crumbles into a pile of gold.

##.##..####.#* *,* *,*
#............* *.# *,*
#####.......###..* *.#
*,* ...[............,*
*.# *,*
#####.#.....####,* *.#
*,* ..###.##.#######.#
*.# *,*
#...).##.##......# *.#
*,*
########.##.#**#####.#
***,* ...# #.##.#
#@..>.# *,,,* ##.#
#.##.# #W##### *,***
#.# #.##.# #.# *,* #.#
#.##.####.# *,* #.#
#.........# *,* ##.#
####.####.#######,*
##.# #)...#........,*
...# ##..#.#...#####**
#### #..........#


You could see moogleknight's ghost.

Vanquished Creatures
  Sigmund (D:2)
  Ijyb (D:3)
  Robin (D:2)
  2 adders
  2 worms
  2 dart slugs
  2 leopard geckos (D:1)
  4 orcs (D:3)
  2 ball pythons
  6 giant cockroaches
  16 goblins
  4 hobgoblins
  3 jackals (D:1)
  2 kobolds
  A quokka (D:2)
  4 bats
  4 frilled lizards
  6 rats
63 creatures vanquished.

Notes
Turn   | Place    | Note
-------+----------+-------------------------------------------
     0 | D:1      | RantMan the Gargoyle Monk began the quest for the Orb.
     0 | D:1      | Reached XP level 1. HP: 14/14 MP: 1/1
    69 | D:1      | Reached XP level 2. HP: 19/19 MP: 2/2
   383 | D:1      | Reached XP level 3. HP: 21/23 MP: 3/3
   961 | D:2      | Found a sacrificial altar of Ru.
   978 | D:2      | Noticed Sigmund
   990 | D:2      | Killed Sigmund
   990 | D:2      | Reached skill level 5 in Maces & Flails
   990 | D:2      | Reached XP level 4. HP: 24/30 MP: 4/4
   990 | D:2      | Reached XP level 5. HP: 27/34 MP: 5/5
  1014 | D:2      | Became a worshipper of Ru the Awakened
  1033 | D:2      | Gained mutation: You are hated by all. [Ru sacrifice]
  1033 | D:2      | Reached * piety under Ru
  1061 | D:2      | Found a hazy altar of Hepliaklqana.
  1167 | D:2      | Found an opulent altar of Gozag.
  1332 | D:2      | Noticed Robin
  1352 | D:2      | Reached XP level 6. HP: 38/39 MP: 6/6
  1374 | D:2      | Killed Robin
  1415 | D:2      | Fell from the grace of Ru
  1415 | D:2      | Became a worshipper of Gozag Ym Sagoz the Greedy
  1496 | D:2      | Found a basalt altar of Yredelemnul.
  2099 | D:3      | Noticed Ijyb
  2114 | D:3      | Killed Ijyb
  2114 | D:3      | Reached skill level 5 in Fighting
  2114 | D:3      | Reached skill level 6 in Maces & Flails
  2118 | D:3      | Noticed moogleknight's ghost (amateur KoHu)
  2135 | D:3      | Mangled by moogleknight's ghost

Skill      XL: |  1  2  3  4  5  6 |
---------------+-------------------+-----
Fighting       | 4 5 |  5.0
Maces & Flails | 5 6 |  6.0
Dodging        | |  2.4
Stealth        | |  2.1

Action                   |  1- 3 |  4- 6 || total
-------------------------+-------+-------++-------
Melee: Mace              |    11 |       ||    11
       Whip              |    50 |   101 ||   151
Invok: Sacrifice Love    |       |     1 ||     1
  Use: Potion            |     3 |     2 ||     5
       Scroll            |       |    13 ||    13
 Stab: Sleeping          |     3 |     4 ||     7
  Eat: Fruit             |       |     3 ||     3
       Royal jelly       |       |     1 ||     1
Armor: Robe              |    17 |    31 ||    48
Dodge: Dodged            |    27 |    61 ||    88
